 Dungeon Crawl Stone Soup version 0.28-a0-851-g8b9cc49659 (webtiles) character file.

Game seed: 15108956438044647509

12769 avis the Basher (level 11, -4/94 HPs)
             Began as a Deep Dwarf Necromancer on Nov 14, 2021.
             Was a Believer of Makhleb.
             Killed from afar by a hell hog (40 damage)
             ... with a fireball
             ... in a Gauntlet.
             The game lasted 01:46:04 (18602 turns).

avis the Basher (Deep Dwarf Necromancer)           Turns: 18602, Time: 01:46:05

Health: -4/94      AC: 19    Str: 13    XL:     11   Next: 66%
Magic:  18/18      EV: 13    Int: 21    God:    Makhleb [**....]
Gold:   451        SH:  0    Dex: 21    Spells: 14/20 levels left

rFire   . . .      SeeInvis .   w - +8 long sword "Ellaj" {holy, rC- rN+ Dex+4}
rCold   x . .      Faith    .   (no shield)
rNeg    + . .      Spirit   .   m - +2 ring mail {Will+}
rPois   +          Reflect  .   (no helmet)
rElec   .          Harm     .   a - +4 cloak "Qiehelaf" {Str-2 Int+5 Dex+4}
rCorr   .          Rampage  .   u - +1 pair of gloves
Will    ++...      NoTele   +   (no boots)
Stlth   ++........              I - amulet of the acrobat
HPRegen 0.00/turn               e - ring of poison resistance
MPRegen 0.16/turn               T - +4 ring of protection

@: no status effects
A: damage resistance, heal wounds, sense surroundings 2, no regeneration
a: Heal Wounds, Renounce Religion, Minor Destruction


You were in a Gauntlet.
You worshipped Makhleb.
Makhleb was pleased with you.
You visited 3 branches of the dungeon, and saw 14 of its levels.
You also visited: Sewer and Gauntlet.

You collected 815 gold pieces.
You spent 364 gold pieces at shops.

Inventory:

Hand Weapons
 b - the +3 flail of the Grave {flame, rPois Will+}
   (You found it on level 5 of the Dungeon)

   It burns those it strikes, dealing additional fire damage.
   rPois:     It protects you from poison.
   Will:      It increases your willpower.
 o - a +0 war axe of draining
 t - a +1 quarterstaff of speed
 w - the +8 long sword "Ellaj" (weapon) {holy, rC- rN+ Dex+4}
   (You took it off an orc on level 8 of the Dungeon)

   It has been blessed by the Shining One to cause great damage to the undead
   and demons.
   Dex:       It affects your dexterity (+4).
   rC:        It makes you vulnerable to cold.
   rN:        It protects you from negative energy.
 A - a +0 longbow
 D - a +6 vampiric battleaxe
Missiles
 g - 71 stones
 i - 54 poisoned darts
 k - 9 boomerangs
 r - 25 sling bullets
 s - 36 arrows
 M - 2 javelins
 N - 3 throwing nets
 P - 3 boomerangs of dispersal
 V - 2 datura-tipped darts
Armour
 a - the +4 cloak "Qiehelaf" (worn) {Str-2 Int+5 Dex+4}
   (You acquired it in the Ecumenical Temple)

   Str:       It affects your strength (-2).
   Int:       It affects your intelligence (+5).
   Dex:       It affects your dexterity (+4).
 m - a +2 ring mail of willpower (worn)
 u - a +1 pair of gloves (worn)
Jewellery
 e - a ring of poison resistance (left hand)
 p - a ring of protection from cold
 q - a ring of protection from fire
 F - a ring of resist corrosion
 I - an amulet of the acrobat (around neck)
 T - a +4 ring of protection (right hand)
Wands
 z - a wand of flame (16)
 E - a wand of polymorph (10)
 J - a wand of charming (7)
 L - a wand of iceblast (17)
 Z - a wand of acid (10)
Scrolls
 d - 2 scrolls of enchant weapon {unknown}
 f - a scroll of silence
 j - a scroll of magic mapping
 l - 3 scrolls of fog
 y - 2 scrolls of teleportation
 K - a scroll of blinking
Potions
 c - 4 potions of might
 h - 3 potions of curing
 n - 4 potions of heal wounds
 v - 4 potions of haste
 x - a potion of resistance
 B - a potion of cancellation
 C - a potion of attraction
 G - 2 potions of brilliance {unknown}
 Q - 5 potions of flight
 S - 2 potions of berserk rage
 W - a potion of lignification {unknown}


   Skills:
 - Level 5.0 Fighting
 + Level 13.5 Maces & Flails
 - Level 5.0 Armour
 - Level 5.0 Dodging
 - Level 2.4 Stealth
 - Level 5.0 Spellcasting
 + Level 9.1 Necromancy
 - Level 5.0 Invocations


You had 14 spell levels left.
You knew the following spells:

 Your Spells              Type           Power      Damage    Failure   Level
a - Pain                  Necr           100%       1d9       1%          1
b - Blink                 Tloc           10%        N/A       32%         2
d - Vampiric Draining     Necr           43%        2d9       1%          3

Your spell library contained the following spells:

 Spells                   Type           Power      Damage    Failure   Level
 Animate Skeleton         Necr           86%        N/A       1%          1
 Sublimation of Blood     Necr           43%        N/A       1%          2
 Corpse Rot               Necr/Air       48%        N/A       4%          2
 Animate Dead             Necr           21%        N/A       4%          4
 Agony                    Necr           43%        N/A       14%         5
 Apportation              Tloc           10%        N/A       22%         1
 Ensorcelled Hibernation  Hex/Ice        10%        N/A       32%         2
 Poisonous Vapours        Pois/Air       10%        N/A       32%         2
 Wereblood                Tmut           5%         N/A       32%         2
 Dazzling Flash           Conj/Hex       10%        N/A       54%         3
 Lesser Beckoning         Tloc           5%         N/A       54%         3
 Spider Form              Tmut/Pois      5%         N/A       54%         3
 Tukima's Dance           Hex            5%         N/A       54%         3
 Alistair's Intoxication  Tmut/Pois      3%         N/A       99%         5
 Manifold Assault         Tloc           5%         N/A       99%         5
 Silence                  Hex/Air        2%         N/A       99%         5
 Conjure Ball Lightning   Conj/Air       2%         3x3d6     100%        6
 Summon Hydra             Summ           2%         N/A       100%        7
 Discord                  Hex            2%         N/A       100%        8
 Disjunction              Tloc           2%         N/A       100%        8


Dungeon Overview and Level Annotations

Branches:
Dungeon (11/15)            Temple (1/1) D:5            Lair (2/6) D:10
 Shoals (0/4) Lair:2        Sewer (visited)         Gauntlet (1/1)
  Snake: Lair:2-4    Spider: Lair:2-4       Orc: D:9-12

Altars:
Ashenzari
Cheibriados
Dithmenos
Elyvilon
Fedhas
Gozag
Hepliaklqana
Kikubaaqudgha
Makhleb
Nemelex Xobeh
Okawaru
Qazlal
Ru
Sif Muna
Trog
Uskayaw
Vehumet
Wu Jian
Xom
Yredelemnul
Zin
The Shining One

Shops:
D:2 :*[!=

Annotations:
Gauntlet 7 transporters, 1 runed translucent door


Innate Abilities, Weirdness & Mutations

You are resistant to damage.
You can heal yourself by infusing magical energy.
You passively map the area around you.
You do not regenerate.


Message History

The hell hound is moderately wounded.
The hell hound breathes flames at you. The blast of flame hits you!
The hell hound bites you but does no damage.
You slash the hell hound!
The hell hound convulses.
The hell hound is severely wounded.
The hell hound bites you but does no damage.
The hell hound closely misses you.
You barely miss the hell hound.
The hell hound is severely wounded.
The hell hound bites you but does no damage.
The hell hound misses you.
You slash the hell hound!
You kill the hell hound!
Makhleb accepts your kill.
You feel better. The fire bat closely misses you.
The fire bat bites you but does no damage.
You slash the fire bat!
The fire bat is heavily wounded.
The fire bat barely misses you. The fire bat completely misses you.
The fire bat bites you but does no damage.
You hit the fire bat.
The fire bat is severely wounded.
The fire bat barely misses you. x2
The fire bat bites you but does no damage.
You slash the fire bat!
You kill the fire bat!
Makhleb accepts your kill.
You feel better. The fire bat barely misses you.
The fire bat bites you but does no damage. x2
You slash the fire bat!
The fire bat is moderately wounded.
The fire bat closely misses you. The hell hog breathes fire at you.
The fireball explodes!
The fireball engulfs the fire bat.
The fire bat completely resists.
The fireball engulfs the fire bat.
The fire bat completely resists.
The fireball engulfs the hell hog.
The hell hog completely resists.
The fireball engulfs the fire bat.
The fire bat completely resists.
The fireball engulfs you!!!
You die...

########.©..©.#########
§#§#§#≈########≈#≈#≈#≈###
.......................§#
...........∩...........##
##########..#########..≈#
...=©?)..#..####©####..##
..#...#..#..###hbh###..≈#
.#######.#..#.bb##..#..##
#..#.#..##..#..#@#..#..≈#
....©....#..#..##+..#..##
#..#.#..##..###...###..≈#
.##...##.#..###...###..##
..#...#..#..#########.§≈#
...#.#.X.#.....#©#.....##
##########.....#©#.....≈#
...#©#......#########..##
...#©#......#.545$..#..≈#


You could see a hell hog (catching breath), a hell hound and 3 fire bats.

Vanquished Creatures
  A hydra (D:10)
  Erica (D:9)
  A two-headed ogre (D:10)
  Pikel (D:7)
  A manticore (D:8)
  A smoke demon (Gauntlet)
  Joseph (D:10)
  2 cane toads (D:10)
  A komodo dragon (Lair:2)
  5 blink frogs (Lair:2)
  Prince Ribbit (D:8)
  A shadow (D:10)
  5 flying skulls (Gauntlet)
  A wyvern (D:9)
  A vampire (D:9)
  A basilisk (Lair:2)
  6 yaks (D:10)
  Grum (D:10)
  Eustachio (D:6)
  A fire bat (Gauntlet)
  2 vampire mosquitoes (D:11)
  4 water moccasins
  A hell hound (Gauntlet)
  An ice beast (D:5)
  4 orc warriors
  5 black bears
  3 ogres
  3 wolves (D:10)
  4 centaurs
  3 lemures (D:7)
  8 bullfrogs
  2 gnoll sergeants
  2 water moccasin zombies (D:6)
  A wight (D:6)
  6 howler monkeys (D:10)
  4 centaur zombies
  A bullfrog zombie (D:5)
  7 orc priests
  2 hounds
  3 jellies
  3 bullfrog skeletons
  A gnoll shaman (D:4)
  A centaur skeleton (D:7)
  Jessica (D:2)
  3 iguanas
  4 orc wizards
  A scorpion zombie (D:5)
  A killer bee zombie (D:8)
  2 howler monkey zombies
  A howler monkey skeleton (D:3)
  9 adders
  12 gnolls
  A white imp (D:3)
  2 ufetubi
  An adder skeleton (D:4)
  3 worms
  A dart slug (D:3)
  28 orcs
  7 endoplasms
  2 giant cockroaches
  6 goblins
  2 hobgoblins (D:3)
  4 jackals
  A quokka (D:3)
  12 ball pythons
  8 bats
  4 kobolds
  6 rats
227 creatures vanquished.

Vanquished Creatures (others)
  57 fungi
  47 plants
104 creatures vanquished.

Grand Total: 331 creatures vanquished

Notes
Turn   | Place    | Note
-------+----------+-------------------------------------------
     0 | D:1      | avis the Deep Dwarf Necromancer began the quest for the
                  | Orb.
     0 | D:1      | Reached XP level 1. HP: 15/15 MP: 3/3
   594 | D:1      | Reached XP level 2. HP: 22/22 MP: 2/4
   703 | D:1      | Reached skill level 5 in Necromancy
  1107 | D:2      | Found Riotubyke's Jewellery Shoppe.
  1251 | D:2      | Found Qife's Antique Armour Shoppe.
  1260 | D:2      | Found Ynuasato's Assorted Antiques.
  1410 | D:2      | Noticed Jessica
  1412 | D:2      | Killed Jessica
  1413 | D:2      | Reached skill level 1 in Fighting
  1413 | D:2      | Reached XP level 3. HP: 32/32 MP: 2/6
  1626 | D:2      | Found Lofefoiwn's Book Shoppe.
  1726 | D:2      | Found Mareow's Distillery.
  2248 | D:2      | Learned a level 3 spell: Vampiric Draining
  2683 | D:3      | Reached XP level 4. HP: 39/39 MP: 7/7
  3010 | D:3      | Reached skill level 1 in Maces & Flails
  3434 | D:3      | Reached skill level 2 in Maces & Flails
  4118 | D:4      | Reached XP level 5. HP: 38/45 MP: 1/8
  4887 | D:4      | Noticed an ogre
  5071 | D:4      | Killed an ogre
  5072 | D:4      | Reached skill level 3 in Maces & Flails
  5072 | D:4      | Reached XP level 6. HP: 33/52 MP: 5/9
  5589 | D:4      | Reached skill level 4 in Maces & Flails
  5907 | D:5      | Entered Level 5 of the Dungeon
  6087 | D:5      | Reached skill level 5 in Maces & Flails
  6177 | D:5      | Identified the +3 flail of the Grave {flame, rPois Will+}
  6202 | D:5      | Noticed an ice beast
  6212 | D:5      | Killed an ice beast
  6213 | D:5      | Reached XP level 7. HP: 41/60 MP: 0/10
  6911 | D:5      | Found a staircase to the Ecumenical Temple.
  7125 | D:5      | Reached skill level 6 in Maces & Flails
  7916 | D:6      | Found a glowing drain.
  8009 | Sewer    | Entered a sewer
  8118 | Sewer    | Reached skill level 7 in Maces & Flails
  8118 | Sewer    | Reached XP level 8. HP: 53/67 MP: 9/11
  8480 | D:6      | Reached skill level 8 in Maces & Flails
  9199 | D:6      | Noticed Eustachio
  9239 | D:6      | Killed Eustachio
  9240 | D:6      | Reached skill level 9 in Maces & Flails
  9895 | D:6      | Gained mutation: You passively map the area around you.
                  | [Deep Dwarf growth]
  9895 | D:6      | Reached XP level 9. HP: 68/73 MP: 13/13
 10969 | D:7      | Found a white marble altar of Elyvilon.
 11178 | Temple   | Entered the Ecumenical Temple
 11604 | Temple   | Became a worshipper of Makhleb the Destroyer
 11892 | D:8      | Noticed Pikel
 11945 | D:7      | Killed Pikel
 11946 | D:7      | Reached skill level 10 in Maces & Flails
 12066 | D:8      | Noticed Prince Ribbit
 12080 | D:8      | Killed Prince Ribbit
 12334 | D:8      | Noticed a manticore
 12342 | D:8      | You fall into a shaft and drop 3 floors!
 12471 | D:11     | Reached skill level 1 in Invocations
 12510 | D:10     | Entered Level 10 of the Dungeon
 12712 | D:9      | Noticed Erica
 12732 | D:9      | Killed Erica
 12733 | D:9      | Reached skill level 11 in Maces & Flails
 12733 | D:9      | Reached XP level 10. HP: 47/80 MP: 3/14
 13142 | D:8      | Killed a manticore
 14047 | D:2      | Bought 2 potions of degeneration for 24 gold pieces
 14047 | D:2      | Bought a potion of flight for 36 gold pieces
 14145 | D:2      | Bought a scroll of identify for 44 gold pieces
 14194 | D:2      | Bought a book of Spatial Translocations for 260 gold pieces
 14197 | D:2      | Learned a level 2 spell: Blink
 14537 | D:9      | Found a sparkling altar of Nemelex Xobeh.
 14599 | D:9      | Identified the +8 long sword "Ellaj" {holy, rC- rN+ Dex+4}
 15624 | Temple   | Identified a scroll of acquirement
 15624 | Temple   | Acquired the +4 cloak "Qiehelaf" {Str-2 Int+5 Dex+4}
 15847 | D:10     | Reached skill level 12 in Maces & Flails
 15847 | D:10     | Reached skill level 5 in Armour
 15847 | D:10     | Reached skill level 5 in Invocations
 15894 | D:10     | Noticed a two-headed ogre
 15898 | D:10     | Reached * piety under Makhleb
 15898 | D:10     | Noticed Grum
 15916 | D:10     | Killed a two-headed ogre
 15922 | D:10     | Killed Grum
 16047 | D:10     | Reached skill level 5 in Fighting
 16337 | D:10     | Noticed Joseph
 16347 | D:10     | Killed Joseph
 16487 | D:10     | Found a staircase to the Lair.
 16545 | D:10     | Reached XP level 11. HP: 51/94 MP: 1/15
 17001 | Lair:1   | Entered Level 1 of the Lair of Beasts
 17076 | Lair:1   | Noticed a seven-headed hydra
 17286 | D:10     | Killed a seven-headed hydra
 17287 | D:10     | Reached skill level 13 in Maces & Flails
 17287 | D:10     | Reached skill level 5 in Dodging
 18034 | Lair:1   | You fall into a shaft and drop 1 floor!
 18142 | Lair:2   | Reached ** piety under Makhleb
 18152 | Lair:2   | Found a gate leading to a gauntlet.
 18158 | Gauntlet | Entered a Gauntlet
 18158 | Gauntlet | Noticed a soul eater
 18158 | Gauntlet | Found a transporter.
 18158 | Gauntlet | Found a transporter.
 18158 | Gauntlet | Found a transporter.
 18258 | Gauntlet | Found a transporter.
 18275 | Gauntlet | Found a transporter.
 18275 | Gauntlet | Noticed a shining eye
 18278 | Gauntlet | Found a transporter.
 18284 | Gauntlet | Noticed a thrashing horror
 18286 | Gauntlet | Noticed a thrashing horror
 18299 | Gauntlet | Found a transporter.
 18310 | Gauntlet | Noticed a hell hog
 18312 | Gauntlet | Found a runed translucent door.
 18313 | Gauntlet | Found a transporter.
 18314 | Gauntlet | Found a runed translucent door.
 18316 | Gauntlet | Found a transporter.
 18319 | Gauntlet | Found a transporter.
 18327 | Gauntlet | Found a transporter.
 18330 | Gauntlet | Found a transporter.
 18331 | Gauntlet | Found a runed translucent door.
 18543 | Gauntlet | Reached skill level 5 in Spellcasting
 18602 | Gauntlet | Killed from afar by a hell hog

Illustrated notes

Levels and vault maps discovered:
D:1:      dpeg_arrival_ternary, layout_basic, kennysheep_minor_cross,
          minmay_ruptured
D:2:      layout_basic, serial_shops, nicolae_diamond_shop,
          nicolae_lakefront_shop, shop_fountains, shop, nicolae_shop_stone,
          minmay_fractal_squares_gapless_5, uniq_jessica
D:3:      layout_basic, st_stairs_14
D:4:      layout_gridville
D:5:      layout_basic, minmay_temple_entry_stoned_glass
D:6:      wad_river_or_something, layout_loops_corners,
          cheibrodos_sewer_entry_sluice, uniq_eustachio
D:7:      layout_basic, elyvilon_altar_5
D:8:      layout_basic, uniq_prince_ribbit1, uniq_pikel
D:9:      layout_basic, mainiacjoe_overflow_cross_hatched,
          chequers_serial_rivers_micro_c, chequers_serial_rivers_micro_b,
          uniq_erica
D:10:     layout_basic, due_lair_maze_entry_diamond, uniq_joseph, uniq_grum
D:11:     layout_stronghold, erik_orc_1, uniq_harold
Temple:   mainiacjoe_temple_big_plus
Lair:1:   layout_cave_shapes, ebering_ghost_inner_flame
Lair:2:   layout_cave_pods, minmay_shoals_entry_centaurs,
          gauntlet_entry_generic, eino_small_chamber_without_monster,
          grunt_megastairs_1
Gauntlet: minmay_gauntlet_mixed_big_or_small
          [nicolae_gauntlet_arena_flowing_pool, minmay_gauntlet_arena_77_path,
          gammafunk_gauntlet_arena_grid, minmay_gauntlet_arena_77_broken_ladder,
          gammafunk_gauntlet_arena_chambers, minmay_gauntlet_arena_77_cramped,
          gauntlet_exit_green]

Skill      XL: |  1  2  3  4  5  6  7  8  9 10 11 |
---------------+----------------------------------+-----
Necromancy     | 5 6 7 8 9 |  9.1
Fighting       | 1 2 5 |  5.0
Spellcasting   | 2 3 5 |  5.0
Dodging        | 3 4 5 |  5.0
Maces & Flails | 2 3 5 7 9 11 12 13 | 13.5
Armour         | 4 5 |  5.0
Invocations    | 3 5 |  5.0
Stealth        | |  2.4

Action                   |  1- 3 |  4- 6 |  7- 9 | 10-12 || total
-------------------------+-------+-------+-------+-------++-------
Melee: Unarmed           |     5 |       |       |    13 ||    18
       Dagger            |     3 |       |       |       ||     3
       Whip              |     3 |    73 |       |       ||    76
       Flail             |       |     4 |   196 |   230 ||   430
       Long sword        |       |       |       |    46 ||    46
 Cast: Pain              |    48 |    23 |    11 |       ||    82
       Vampiric Draining |     2 |    40 |    83 |   107 ||   232
       Blink             |       |       |       |     1 ||     1
 Abil: Heal Wounds       |       |       |       |     2 ||     2
Evoke: Wand              |       |       |       |     2 ||     2
  Use: Scroll            |       |       |     5 |    17 ||    22
 Stab: Sleeping          |     1 |       |     2 |       ||     3
Armor: Robe              |     8 |    26 |    46 |       ||    80
       Ring mail         |       |       |    32 |   265 ||   297
Dodge: Dodged            |    17 |    78 |   160 |   335 ||   590

Table legend: (Time is in decaauts)
 A = Elapsed time spent in this place.
 B = Non-inter-level travel time spent in this place.
 C = Inter-level travel time spent in this place.
 D = Time resting spent in this place.
 E = Time spent auto-exploring this place.
 F = Levels seen in this place.
 G = Mean time per level.
                   A        B        C        D        E       F      G
               +--------+--------+--------+--------+--------+-----+--------+
         Total |  18633 |  16562 |   2071 |   6270 |   6043 |  16 | 1164.6 |
       Dungeon |  17141 |  15175 |   1966 |   5998 |   5657 |  11 | 1558.3 |
        Temple |    596 |    491 |    105 |     25 |    386 |   1 |  596.0 |
          Lair |    134 |    134 |      0 |      0 |      0 |   2 |   67.0 |
         Sewer |    304 |    304 |      0 |    168 |      0 |   1 |  304.0 |
      Gauntlet |    457 |    457 |      0 |     79 |      0 |   1 |  457.0 |
               +--------+--------+--------+--------+--------+-----+--------+

Top non-repeatable levels by time:
     D:6: 2851 daAuts
    D:10: 2323 daAuts
     D:4: 2157 daAuts
     D:3: 1876 daAuts
     D:2: 1815 daAuts
     D:7: 1464 daAuts
     D:9: 1220 daAuts
     D:8: 1159 daAuts
     D:1: 1084 daAuts
     D:5: 1025 daAuts
  Temple: 596 daAuts
Gauntlet: 457 daAuts
   Sewer: 304 daAuts
    D:11: 164 daAuts
  Lair:2: 108 daAuts
